[Event "USA Championship 2024"]
[Site "Saint Louis"]
[Date "2024.10.22"]
[Round "10.1"]
[White "Dominguez Perez, Leinier"]
[Black "Caruana, Fabiano"]
[Result "1/2-1/2"]
[ECO "B31"]
[WhiteElo "2741"]
[BlackElo "2796"]
[Annotator "TA"]
[PlyCount "114"]
[EventDate "2024.10.09"]
[EventType "tourn"]
[EventCountry "USA"]
[SourceTitle "playchess.com"]
[Source "ChessBase"]
[SourceQuality "1"]
[TimeControl "40/5400+30:1800+30"]

1. e4 c5 2. Nf3 Nc6 3. Bb5 g6 4. Bxc6 bxc6 5. O-O Bg7 6. Re1 Nf6 7. e5 Nd5 8. b3 O-O 9. Bb2 a5 10. Nc3 Nxc3 11. Bxc3 a4 12. h3 d5 13. d4 cxd4 14. Qxd4 Bf5 15. Qc5 e6 (15... Bxc2 $2 {too greedy.} 16. Nd4 $18) 16. Nd4 Qg5 17. Nxf5 (17. Nf3 $11 Qd8 18. Bb4) 17... Qxf5 $15 18. Bd4 axb3 19. axb3 Rxa1 20. Bxa1 Rc8 21. Bd4 Bf8 22. Qc3 h5 (22... c5 23. b4 c4 24. Rb1 $16) 23. Bc5 Qf4 ({Black should play} 23... Bxc5 $15 24. Qxc5 Ra8) 24. b4 Kg7 25. Bxf8+ Rxf8 26. g3 $1 Qf5 27. Kg2 h4 28. g4 ({Much weaker is} 28. gxh4 Rh8 29. Qg3 Qxc2 $17) 28... Qf4 29. Qc5 Ra8 30. Re3 $1 Ra1 31. Qe7 d4 32. Rf3 Rg1+ $1 33. Kxg1 Qxf3 34. Qxh4 Qf4 35. Qg3 Qe4 36. Qd3 Qxe5 37. Kg2 g5 38. Qc4 Qe4+ 39. f3 Qe3 40. Qxc6 Qd2+ 41. Kf1 Qxb4 42. Ke2 Qa3 43. Qe4 Qc5 44. Kd3 Qc3+ 45. Ke2 Kf6 46. Kd1 Qb4 47. Ke2 Qc3 48. Kd1 Qc5 49. Kd2 Kg7 50. Kd3 e5 51. Kd2 Qc7 52. Kd1 Qc5 53. Qf5 f6 54. Qd7+ Kg6 55. Qf5+ Kg7 56. Qd7+ Kg6 57. Qf5+ Kg7 1/2-1/2

[Event "USA Championship 2024"]
[Site "Saint Louis"]
[Date "2024.10.22"]
[Round "10.2"]
[White "Niemann, Hans Moke"]
[Black "Oparin, Grigoriy"]
[Result "1/2-1/2"]
[ECO "B83"]
[WhiteElo "2733"]
[BlackElo "2662"]
[Annotator "TA"]
[PlyCount "94"]
[EventDate "2024.10.09"]
[EventType "tourn"]
[EventCountry "USA"]
[SourceTitle "playchess.com"]
[Source "ChessBase"]
[SourceQuality "1"]
[TimeControl "40/5400+30:1800+30"]

1. e4 c5 2. Nf3 e6 3. d4 cxd4 4. Nxd4 Nc6 5. Nc3 Nf6 6. a3 d6 7. Be3 Be7 8. Be2 O-O 9. O-O e5 10. Nf3 h6 11. Bc4 Be6 12. Qd3 Na5 13. Bd5 Bxd5 14. Nxd5 Nxd5 15. Qxd5 Rc8 16. Nd2 Qc7 (16... Rxc2 $2 17. b4 Nc6 18. Qd3 $16) 17. Rac1 ({Inferior is} 17. Bxa7 b6 18. b4 Nc6 (18... Qxa7 19. bxa5 bxa5 20. h3 $17) 19. Bxb6 Qxb6 $19) 17... b5 18. b3 ({Of course not} 18. Qxb5 Rb8 19. Qd5 Rxb2 $15) 18... a6 19. c4 Qc6 20. Rfd1 Bg5 21. Bxg5 (21. cxb5 {feels hotter.} Qxc1 22. Rxc1 Rxc1+ 23. Nf1) 21... hxg5 22. h3 Qb6 (22... Rfe8 $14) 23. cxb5 Qxb5 24. b4 Nc6 25. Qxb5 ({But not} 25. Qxd6 Rfd8 26. Qc5 Qe2 $11) 25... axb5 26. Nf3 {[%emt 0:00:04] Dodges Nd4} f6 27. Rxd6 {[%emt 0:01:12] White is more active.} (27. Kf1 $14) 27... Nd4 $1 $11 28. Rxc8 Nxf3+ 29. gxf3 {[%emt 0:00:04] [#] Rxf8+ would kill now.} Rxc8 {[%emt 0:00:02][%mdl 4096] Endgame. KR-KR} 30. Rb6 Rc3 31. Rxb5 Rxa3 32. Kg2 Rb3 33. Rb7 Kh7 34. b5 Kg6 35. b6 Rb1 $1 36. Rb8 Kh7 ({Black should play} 36... Kh6 $11) 37. b7 $1 $14 Kg6 38. Kg3 Rg1+ $1 39. Kh2 Rb1 40. Kg2 (40. f4 $1 $14 exf4 41. f3) 40... Kh7 $1 $11 41. Kh2 ({White should try} 41. f4 $11 gxf4 42. Kf3) 41... Kg6 $16 {[%emt 0:00:13] [#]} 42. Kg2 ({White has to play} 42. f4 $1 $16 {[%cal Rf4e5] And now fxe5 would win.} exf4 43. f3) 42... Kh7 $1 $11 {[%emt 0:00:12] The position is equal.} 43. Kg3 Rg1+ $1 44. Kh2 Rb1 45. Kg3 {[%emt 0:00:06] next h4 is good for White.} Rg1+ $1 46. Kh2 Rb1 47. Kg3 Rg1+ $1 {[%emt 0:00:10] Weighted Error Value: White=0.11 (very precise) /Black=0.07 (flawless) .  Mistake:       	White=4     	Black=2      Inaccurate:     	White=1     	Black=2      OK:         	White=10    	Black=12     Best:        	---       	Black=3      Strong:       	White=1     	Black=8} 1/2-1/2

[Event "USA Championship 2024"]
[Site "Saint Louis"]
[Date "2024.10.22"]
[Round "10.3"]
[White "So, Wesley"]
[Black "Liang, Awonder"]
[Result "1/2-1/2"]
[ECO "C77"]
[WhiteElo "2751"]
[BlackElo "2677"]
[Annotator "TA"]
[PlyCount "127"]
[EventDate "2024.10.09"]
[EventType "tourn"]
[EventCountry "USA"]
[SourceTitle "playchess.com"]
[Source "ChessBase"]
[SourceQuality "1"]
[TimeControl "40/5400+30:1800+30"]

1. e4 e5 2. Nf3 Nc6 3. Bb5 a6 4. Ba4 Nf6 5. O-O Be7 6. d3 b5 7. Bb3 d6 8. a3 O-O 9. Nc3 Na5 10. Ba2 Be6 11. Bxe6 fxe6 12. b4 Nc6 13. Re1 Qe8 14. Rb1 Nh5 15. Ne2 Qg6 16. Ng3 Nf4 17. d4 (17. c3 $11) 17... exd4 $15 18. Nxd4 Nxd4 19. Qxd4 Bf6 20. Qd1 Be5 21. Rb3 Rf7 22. Rf3 (22. Bxf4 {looks sharper.} Rxf4 23. Nf5 Kh8 24. Nd4) 22... Raf8 23. Bxf4 Bxf4 24. Qd3 Be5 25. Rxf7 Qxf7 26. Qe3 c5 27. Ne2 {[%emt 0:01:44] Repels Bd4} Qc7 28. c3 a5 29. Rc1 axb4 30. axb4 Qa7 31. h3 Rf7 32. f4 Bf6 33. Rd1 cxb4 34. Qxa7 Rxa7 35. cxb4 $11 {[%emt 0:00:01][%mdl 4096] Endgame. KRB-KRN} Ra6 36. Kf2 Kf7 37. Nd4 Bxd4+ 38. Rxd4 {[%emt 0:00:02] KR-KR} Ke7 39. Ke3 Ra1 40. Rd3 Rb1 41. Ra3 {[%emt 0:32:13] The position is equal.} Rxb4 42. Ra7+ Kf6 43. Rd7 Rb3+ 44. Kf2 Rb2+ 45. Kf3 Rb3+ 46. Kf2 d5 47. exd5 exd5 48. Rxd5 Rb2+ 49. Kf3 Rb3+ 50. Ke4 Rg3 51. Rxb5 Rxg2 52. Rb6+ Kf7 53. h4 Rh2 54. Kf5 Rxh4 55. Rb7+ Kf8 56. Rb8+ Kf7 57. Rb7+ Kf8 58. Rb8+ Kf7 59. Kg5 {[%emt 0:00:37] Dodges Rh5+} Rh1 60. Rb7+ Kf8 61. Rb8+ Kf7 62. Rb7+ Kf8 63. Rb8+ Kf7 64. Rb7+ {[%emt 0:00:12] Weighted Error Value: White=0.06 (flawless) /Black=0.06 (flawless) .  Mistake:       	White=1     	---        Inaccurate:     	White=1     	Black=4      OK:         	White=25    	Black=18     Best:        	White=7     	Black=2} 1/2-1/2

[Event "USA Championship 2024"]
[Site "Saint Louis"]
[Date "2024.10.22"]
[Round "10.4"]
[White "Robson, Ray"]
[Black "Mishra, Abhimanyu"]
[Result "1-0"]
[ECO "C54"]
[WhiteElo "2693"]
[BlackElo "2630"]
[Annotator "TA"]
[PlyCount "141"]
[EventDate "2024.10.09"]
[EventType "tourn"]
[EventCountry "USA"]
[SourceTitle "playchess.com"]
[Source "ChessBase"]
[SourceQuality "1"]
[TimeControl "40/5400+30:1800+30"]

1. e4 e5 2. Nf3 Nc6 3. Bc4 Bc5 4. c3 Nf6 5. d3 O-O 6. Nbd2 d6 7. O-O Bb6 8. h3 h6 9. Re1 Ne7 10. a4 a5 11. Ba2 c6 12. d4 Ng6 13. Qc2 Re8 14. Nf1 Bc7 15. Ng3 d5 16. dxe5 Nxe5 17. Nxe5 Bxe5 18. f4 Bc7 19. e5 Ne4 20. Nxe4 Bf5 21. Be3 Bxe4 22. Qf2 f6 23. Bc5 b6 24. Ba3 Kh7 25. Rad1 Qc8 26. c4 fxe5 27. cxd5 cxd5 28. Rxd5 Bxd5 (28... exf4 $2 29. Rxe4 Rxe4 30. Qc2 $18) 29. Bxd5 Kh8 ({Avoid the trap} 29... exf4 $2 30. Rxe8 (30. Qc2+ Kh8 $11) 30... Qxe8 31. Bxa8 $18 (31. Qc2+ Kh8 $11)) (29... Rb8 $5 30. Qc2+ e4 $11) 30. Bc6 Qe6 (30... e4 {simplifies} 31. Bxe8 Qxe8 32. Qd4 Rd8) 31. Qc2 (31. Bxa8 {simplifies} Rxa8 32. Rc1 Qf7 33. fxe5 Qxf2+ 34. Kxf2 Bxe5 35. Rc6) 31... Bd6 (31... Rac8 $14 32. Bxe8 Qxe8) 32. Bxd6 $16 Qxd6 33. Bxa8 Rxa8 34. fxe5 Qe6 35. Re3 Re8 36. Qe4 Kg8 37. Kh2 Kh8 38. Re2 Kg8 39. Re1 Kh8 40. Re3 Kg8 41. Qd4 Kh8 42. Kg3 Kg8 43. Qg4 Qd5 44. e6 (44. Qe4 {simplifies} Qxe4 45. Rxe4 Kf7 46. Re3) 44... Qd6+ {[%emt 0:03:15] [#]} 45. Kf2 $1 Qd2+ 46. Re2 Qd5 47. Kg1 Re7 48. Kh2 Qd6+ 49. g3 Qd3 50. h4 b5 51. axb5 Qxb5 52. Qe4 Qb6 ({Black should try} 52... h5 53. Rc2 a4) 53. Qf5 $16 Qc6 $2 (53... a4 $16 54. Qd5 Qa6) 54. Qxa5 $18 Qf3 55. Qe5 Qb3 56. Qe4 h5 (56... Kh8 $142 57. Kg2 Kg8) 57. Qf5 $18 Qc4 58. Rc2 ({Not} 58. Qxh5 Rxe6 59. Rd2 Rf6 $18) 58... Qa6 59. b4 Qb7 60. b5 Re8 61. Rf2 Re7 62. Qf8+ Kh7 63. Qf5+ Kg8 64. Rd2 Qa8 65. b6 Qe8 66. Qd5 Kh7 67. b7 Qb8 68. Qxh5+ Kg8 69. Rb2 Rxe6 70. Qd5 Kf7 71. Re2 1-0

[Event "USA Championship 2024"]
[Site "Saint Louis"]
[Date "2024.10.22"]
[Round "10.5"]
[White "Shankland, Sam"]
[Black "Sevian, Samuel"]
[Result "0-1"]
[ECO "E04"]
[WhiteElo "2677"]
[BlackElo "2689"]
[Annotator "RC"]
[PlyCount "150"]
[EventDate "2024.10.09"]
[EventType "tourn"]
[EventCountry "USA"]
[SourceTitle "playchess.com"]
[Source "ChessBase"]
[SourceQuality "1"]
[TimeControl "40/5400+30:1800+30"]

1. d4 Nf6 2. c4 e6 3. Nf3 d5 4. g3 dxc4 5. Bg2 Nc6 6. O-O Rb8 7. Nc3 a6 8. e4 Be7 9. Qe2 b5 10. Rd1 O-O 11. d5 exd5 12. e5 d4 13. exf6 Bxf6 14. Ne4 Be7 15. b3 d3 16. Qd2 f5 17. Nc3 Bf6 18. Bb2 Be6 19. Rac1 Bf7 20. bxc4 bxc4 21. Na4 Bxb2 22. Nxb2 Nd4 23. Nxd4 Qxd4 24. Na4 Rfe8 25. Nc3 Rb6 26. Bf3 h6 27. h4 Rd8 28. Kg2 Rdb8 29. Rb1 Kh7 30. Re1 Kg8 31. Rec1 Kh7 32. h5 Kh8 33. Qf4 Qxf4 34. gxf4 Rd8 35. Rd1 Rd4 36. Rd2 Rxb1 37. Nxb1 Rxf4 38. Nc3 Rh4 39. Kg3 Rd4 40. Rb2 d2 41. Be2 f4+ 42. Kg2 g5 43. hxg6 Bxg6 44. f3 h5 45. Bd1 Kg7 46. Rb7 Rd7 47. Ne2 Re7 48. Kf2 h4 49. Nc3 h3 50. Kg1 Kh6 51. Rb4 Bf7 52. Rb2 Re3 53. Ne2 c3 54. Rc2 Bh5 55. Kh2 Bxf3 56. Nxc3 Rxc3 57. Rxc3 Bxd1 58. Rc6+ Kg5 59. Rc5+ Kf6 60. Rd5 Be2 61. Rxd2 f3 62. Rd8 Ke7 63. Rd2 Kf6 64. Rd8 Ke7 65. Rd2 Kf7 66. Rd4 c5 67. Rh4 Ke6 68. Kg3 c4 69. Rxh3 c3 70. Rh8 Kd5 71. Kf2 c2 72. Rd8+ Ke4 73. Rc8 Bd3 74. Re8+ Kd4 75. Re1 Be2 0-1